 Dungeon Crawl Stone Soup version 0.29-a0-982-gaed3a0c8d8 (webtiles) character file.

Game seed: 2241566800154426947

221 vurker the Insei (level 5, -3/20 (27) HPs)
             Began as a Vine Stalker Enchanter on Aug 1, 2022.
             Slain by Terence
             ... wielding the +7 Throatcutter {drain, coup de grace}
              (4 damage)
             ... on level 3 of the Dungeon.
             The game lasted 00:04:33 (2581 turns).

vurker the Insei (Vine Stalker Enchanter)           Turns: 2581, Time: 00:04:34

HP:   -3/20 (27)    AC:  8    Str: 13    XL:     5   Next: 98%
MP:   0/9           EV: 10    Int: 15    God:
Gold: 147           SH:  0    Dex: 14    Spells: 8/8 levels left

rFire   . . .      SeeInvis .   a - +1 dagger
rCold   . . .      Faith    .   (no shield)
rNeg    . . .      Spirit   +   p - +2 ring mail {Will+}
rPois   .          Reflect  .   (no helmet)
rElec   .          Harm     .   (no cloak)
rCorr   .          Rampage  .   (no gloves)
Will    +....                   i - +0 pair of boots
Stlth   ++........              (no amulet)
HPRegen 0.86/turn               (no ring)
MPRegen 0.11/turn               (no ring)

@: very heavily drained
A: fangs 2, regeneration 1, magic shield, antimagic bite, no potion heal 2
a: no special abilities


You were on level 3 of the Dungeon.
You visited 1 branch of the dungeon, and saw 3 of its levels.

You collected 147 gold pieces.

Inventory:

Hand Weapons
 a - a +1 dagger (weapon)
Armour
 i - a +0 pair of boots (worn)
   (You found it on level 1 of the Dungeon)
 p - a +2 ring mail of willpower (worn)
   (You found it on level 3 of the Dungeon)
Wands
 q - a wand of charming (3)
   (You took it off Ijyb on level 3 of the Dungeon)
Scrolls
 b - a scroll of teleportation {unknown}
 d - 2 scrolls of identify {unknown}
 e - a scroll of magic mapping {unknown}
 f - a scroll of brand weapon {unknown}
 g - a scroll of acquirement {unknown}
 h - a scroll of enchant weapon {unknown}
 j - 2 scrolls of enchant armour {unknown}
 l - a scroll of amnesia {unknown}
 m - a scroll of vulnerability {unknown}
 o - a scroll of blinking {unknown}
Potions
 c - 3 potions of invisibility
 k - a potion of flight {unknown}
 n - a potion of brilliance {unknown}


   Skills:
 + Level 2.6 Fighting
 - Level 0.8 Short Blades
 - Level 1.5 Dodging
 - Level 3.6 Stealth
 * Level 4.4 Unarmed Combat
 - Level 2.1 Spellcasting
 - Level 3.0 Hexes


You had 8 spell levels left.
You didn't know any spells.
Your spell library contained the following spells:

 Spells                   Type           Power      Damage    Failure   Level
 Slow                     Hex            40%        N/A       14%         1
 Ensorcelled Hibernation  Hex/Ice        12%        N/A       36%         2
 Confusing Touch          Hex            10%        N/A       38%         3
 Tukima's Dance           Hex            10%        N/A       38%         3
 Dazzling Flash           Conj/Hex       12%        N/A       61%         3
 Portal Projectile        Hex/Tloc       12%        N/A       61%         3
 Vampiric Draining        Necr           1%         2d6       82%         3
 Blade Hands              Tmut           0%         N/A       100%        5


Dungeon Overview and Level Annotations

Branches:
Dungeon (3/15)

Altars:

Annotations:
D:3 Terence


Innate Abilities, Weirdness & Mutations

You have extremely sharp teeth.
Your natural rate of healing is unusually fast.
When hurt, damage is shared between your health and your magic reserves.
Your bite disrupts and absorbs the magic of your enemies.
Potions cannot restore your health.


Message History

No target in view!
No target in view!
No target in view!
You open the door.
There is an open door here.
A worm comes into view.
A worm is nearby!
A worm is nearby!
A worm is nearby!
You hit the worm. You bite the worm. You drain its power. You hit the worm.
You bite the worm.
You kill the worm!
No target in view!
No target in view!
No target in view!
No target in view!
No target in view!
No target in view!
No target in view!
No target in view!
No target in view!
No target in view!
No target in view!
You see here a worm corpse.
Terence the Incautious comes into view.
He is wielding the +7 Throatcutter {drain, coup de grace}.
Terence shouts!
You hit Terence. Terence closely misses you.
You hit Terence but do no damage. You bite Terence, but do no damage.
Terence barely misses you.
You hit Terence but do no damage. Your bite misses Terence.
Terence hits you with the +7 Throatcutter {drain, coup de grace}.
You feel drained.
You barely miss Terence.
Terence hits you with the +7 Throatcutter {drain, coup de grace}.
You feel drained.
You hit Terence. You bite Terence. You drain his power.
You feel invigorated.
Terence hits you with the +7 Throatcutter {drain, coup de grace}!
* * * LOW HITPOINT WARNING * * *
You feel drained.
* * * LOW HITPOINT WARNING * * *
You hit Terence but do no damage. You punch Terence, but do no damage.
You hit Terence.
Terence hits you with the +7 Throatcutter {drain, coup de grace}.
* * * LOW HITPOINT WARNING * * *
You feel drained.
You barely miss Terence. Your bite misses Terence.
Terence hits you with the +7 Throatcutter {drain, coup de grace}!
* * * LOW HITPOINT WARNING * * *
You feel drained.
You die...

...############.########### #....
...'†...................... +....
...################.#########....
†..####### ### #.##...........
.>........ .. #.##........###
...####### #.###.##.)......+.#
...'....# ..##.######.)..#.#
...####.# #@##.# ##+#.#.# #'##
#.# ######@##.#######.#.#.# #.#
#.#...................#.#.# #.#
#.#.#######.#.#########.#.# #.#
#.# #.#.###.........# #.# #.#
#...#...#####.#<# #.# #.#
##..#.†.######### #.# #.#
#..#............ #.# #.#
#..############# #.# #.#.#
#.÷##.........†.


You could see Terence.

Vanquished Creatures
  Ijyb (D:3)
  An orc wizard (D:3)
  Natasha (thrice) (D:3)
  An adder (D:3)
  A worm (D:3)
  2 dart slugs
  11 orcs
  7 ball pythons
  5 endoplasms
  A giant cockroach (D:2)
  2 goblins
  7 hobgoblins
  4 quokkas
  8 bats
  5 frilled lizards
  8 kobolds
  7 rats
74 creatures vanquished.

Notes
Turn   | Place    | Note
-------+----------+-------------------------------------------
     0 | D:1      | vurker the Vine Stalker Enchanter began the quest for the
                  | Orb.
     0 | D:1      | Reached XP level 1. HP: 9/9 MP: 4/4
   181 | D:1      | Reached skill level 1 in Unarmed Combat
   254 | D:1      | Reached XP level 2. HP: 14/14 MP: 6/6
   411 | D:1      | Found a faded altar of an unknown god.
   690 | D:1      | Reached skill level 1 in Fighting
   712 | D:1      | Reached skill level 2 in Unarmed Combat
   931 | D:1      | Reached XP level 3. HP: 18/18 MP: 7/7
  1913 | D:3      | Gained mutation: Your natural rate of healing is unusually
                  | fast. [Vine Stalker growth]
  1913 | D:3      | Reached XP level 4. HP: 17/22 MP: 6/8
  2035 | D:3      | Reached skill level 3 in Unarmed Combat
  2082 | D:3      | Noticed Natasha
  2100 | D:3      | Killed Natasha
  2125 | D:3      | Noticed Natasha
  2148 | D:3      | Killed Natasha
  2149 | D:3      | Reached XP level 5. HP: 26/26 MP: 9/9
  2207 | D:3      | Noticed Natasha
  2267 | D:3      | Reached skill level 4 in Unarmed Combat
  2279 | D:3      | Noticed Ijyb
  2306 | D:3      | Killed Ijyb
  2455 | D:3      | Killed Natasha
  2572 | D:3      | Noticed Terence
  2581 | D:3      | HP: 1/22 [Terence/the +7 Throatcutter {drain, coup de
                  | grace} (7)]
  2581 | D:3      | Slain by Terence

Illustrated notes

Levels and vault maps discovered:
D:1:      nicolae_arrival_somewhat_less_tricky_arrival, layout_loops_ring,
          chequers_ecumenical_altar_simple_redux,
          nicolae_concentric_dashed_squares_wild, amcnicky_mini_pool_small
D:2:      layout_basic
D:3:      layout_basic, uniq_terence, uniq_ijyb, uniq_natasha

Skill      XL: |  1  2  3  4  5 |
---------------+----------------+-----
Unarmed Combat | 1 2 3 4 |  4.4
Fighting       | 1 2 |  2.6
Short Blades   | |  0.8
Dodging        | |  1.5
Stealth        | |  3.6
Spellcasting   | |  2.1
Hexes          | |  3.0

Action                   |  1- 3 |  4- 6 || total
-------------------------+-------+-------++-------
Melee: Dagger            |   118 |   161 ||   279
       Bite              |    32 |    45 ||    77
       Punch             |       |     3 ||     3
 Stab: Sleeping          |    13 |     2 ||    15
Armor: Robe              |    15 |       ||    15
       Ring mail         |       |    48 ||    48
Dodge: Dodged            |    66 |    65 ||   131

Table legend: (Time is in decaauts)
 A = Elapsed time spent in this place.
 B = Non-inter-level travel time spent in this place.
 C = Inter-level travel time spent in this place.
 D = Time resting spent in this place.
 E = Time spent auto-exploring this place.
 F = Levels seen in this place.
 G = Mean time per level.
                   A        B        C        D        E       F      G
               +--------+--------+--------+--------+--------+-----+--------+
         Total |   2578 |   2442 |    136 |      0 |   1814 |   3 |  859.3 |
       Dungeon |   2578 |   2442 |    136 |      0 |   1814 |   3 |  859.3 |
               +--------+--------+--------+--------+--------+-----+--------+

Top non-repeatable levels by time:
     D:1: 1157 daAuts
     D:3: 717 daAuts
     D:2: 704 daAuts
